 Dungeon Crawl Stone Soup version 0.22-a0-379-ga9d99d62ad (webtiles) character file.

28 Cecky the Shooter (level 2, -3/24 HPs)
             Began as a Centaur Arcane Marksman on Apr 28, 2018.
             Slain by an adder (5 damage)
             ... on level 2 of the Dungeon.
             The game lasted 00:03:56 (1047 turns).

Cecky the Shooter (Centaur Arcane Marksman)         Turns: 1047, Time: 00:03:57

Health: -3/24      AC:  4    Str: 12    XL:     2   Next: 96%
Magic:  3/3        EV:  9    Int: 12    God:
Gold:   110        SH:  0    Dex:  9    Spells: 2/3 levels left

rFire    . . .     SeeInvis .   j - +0 dagger
rCold    . . .     Gourm    .   (no shield)
rNeg     . . .     Faith    .   e - +0 robe
rPois    .         Spirit   .   (no helmet)
rElec    .         Reflect  .   (no cloak)
rCorr    .         Harm     .   (no gloves)
MR       .....                  (no barding)
Stlth    +.........             (no amulet)
HPRegen  0.08/turn              (no ring)
MPRegen  0.08/turn              (no ring)

@: lethally poisoned (-3 -> -11), very quick
A: large, hooves 3, deformed body, speed 2, tough skin 3
a: no special abilities


You were on level 2 of the Dungeon.
You were not hungry.

You visited 1 branch of the dungeon, and saw 2 of its levels.

You collected 110 gold pieces.

Inventory:

Hand Weapons
 a - a +0 shortbow
 j - a +0 dagger (weapon)
Missiles
 d - 26 arrows
Armour
 e - a +0 robe (worn)
Jewellery
 c - an uncursed amulet of magic regeneration {unknown}
Scrolls
 g - a scroll of blinking {unknown}
 i - a scroll of fog {unknown}
 k - a scroll of fear {unknown}
Comestibles
 b - a chunk of flesh
 f - 5 rations


   Skills:
 * Level 2.1 Fighting
 + Level 3.7 Bows
 - Level 1.3 Dodging
 + Level 0.1 Stealth
 - Level 1.0 Spellcasting
 - Level 2.6 Hexes


You had 2 spell levels left.
You knew the following spells:

 Your Spells              Type           Power        Failure   Level  Hunger
a - Corona                Hex            #......      10%         1    ##.....


Dungeon Overview and Level Annotations

Branches:
Dungeon (2/15)

Altars:


Innate Abilities, Weirdness & Mutations

You have hooves in place of feet.
Armour fits poorly on your strangely shaped body.
You cover ground very quickly.
You have extremely tough skin. (AC +3)


Message History

The adder is lightly wounded.
You feel sick. The adder bites you.
* * * LOW HITPOINT WARNING * * *
You hit the adder.
The adder is heavily wounded.
The adder bites you but does no damage.
You hit the adder. Your kick misses the adder.
The adder is severely wounded.
* * * LOW HITPOINT WARNING * * *
You feel sick. The adder barely misses you.
You miss the adder. Your kick misses the adder.
The adder is severely wounded.
* * * LOW HITPOINT WARNING * * *
You feel sick. The adder barely misses you.
The adder bites you but does no damage.
You barely miss the adder.
The adder is severely wounded.
* * * LOW HITPOINT WARNING * * *
You feel sick. The adder bites you.
You die...

..........
#.#
..........
#(#
..........
#(#
....######
#.# ##'##
#.# #.#
#.# #.#
#r# #.#
#S# #.#
#@# #.#
#†# #.#
#.# ...#
#.### ####
#...#
###.# #.#
#.# #.#


You could see an adder and a rat.

Vanquished Creatures
  A dart slug (D:1)
  7 goblins
  A hobgoblin (D:1)
  A jackal (D:1)
  3 kobolds (D:1)
  2 quokkas (D:2)
  4 bats
  2 frilled lizards
  3 rats
24 creatures vanquished.

Notes
Turn   | Place    | Note
-------+----------+-------------------------------------------
     0 | D:1      | Cecky the Centaur Arcane Marksman began the quest for the Orb.
     0 | D:1      | Reached XP level 1. HP: 16/16 MP: 2/2
    77 | D:1      | Reached skill level 3 in Bows
   318 | D:1      | Reached XP level 2. HP: 23/23 MP: 3/3
  1047 | D:2      | Slain by an adder

Vault maps used:
D:1:      saegor_arrival_miasma, minmay_tromino_i4
D:2:      nicolae_overflow_crystal_walls, first_ration

Skill      XL: |  1  2 |
---------------+-------+-----
Bows           | 3 |  3.7
Fighting       | 2 |  2.1
Dodging        | |  1.3
Stealth        | |  0.1
Spellcasting   | |  1.0
Hexes          | |  2.6

Action                   || total
-------------------------++-------
Melee: Unarmed           ||    47
       Kick              ||     9
       Dagger            ||     5
 Fire: Shortbow          ||    59
  Use: Potion            ||     1
Armor: Robe              ||    43
Dodge: Dodged            ||    58

Table legend:
 A = Spawn XP
 B = Non-spawn XP
 C = Spawn XP percentage of total XP
 D = Spawn monster count
 E = Non-spawn monster count
 F = Spawn count percentage of total count
 G = Total turns spent on level
                    A         B        C        D         E        F      G
               +---------+---------+-------+---------+---------+-------+---------
         Total |       0 |      40 |   0.0 |       0 |      24 |   0.0 |  1047
               +---------+---------+-------+---------+---------+-------+---------
           D:1 |       0 |      29 |   0.0 |       0 |      17 |   0.0 |   797
           D:2 |       0 |      11 |   0.0 |       0 |       7 |   0.0 |   250
               +---------+---------+-------+---------+---------+-------+---------
